Detroit Red Wings vs Edmonton Oilers
(R1)
Created - Thursday, May 9, 2024 at 06:59
Goals
|
| Detroit Red Wings |
1 |
1 |
4 |
6 |
| Edmonton Oilers |
0 |
0 |
2 |
2 |
|
Shots
|
| Detroit Red Wings |
14 |
8 |
11 |
33 |
| Edmonton Oilers |
9 |
8 |
8 |
25 |
|
1st period
1. Detroit Red Wings , Jared McCann 15 (Patrick Kane 31, Steven Stamkos 33) at 7:08
Penalties :
Brandon Carlo (EDM) for Fighting (Major) at 0:07, Steven Stamkos (DET) for Fighting (Major) at 0:07, Scott Mayfield (EDM) for Hooking (Minor) at 0:49, Carter Verhaeghe (DET) for Tripping (Minor) at 9:24, Scott Mayfield (EDM) for Hooking (Minor) at 14:03
2nd period
2. Detroit Red Wings , Anthony Cirelli 12 (Shayne Gostisbehere 20, Jonathan Huberdeau 15) at 17:38
Penalties :
Scott Mayfield (EDM) for Interference (Minor) at 3:17, Anthony Cirelli (DET) for Interference (Minor) at 13:26, Adrian Kempe (EDM) for Roughing (Minor) at 18:30
3rd period
3. Detroit Red Wings , Arthur Kaliyev 4 (Josh Bailey 11) at 1:58
4. Detroit Red Wings , Steven Stamkos 30 (Jared McCann 20, Patrick Kane 32) at 2:14
5. Edmonton Oilers , Jacob Trouba 2 (Alex Iafallo 11, Evan Bouchard 27) at 3:14 (SH)
6. Detroit Red Wings , Mika Zibanejad 30 (Carter Verhaeghe 34, MacKenzie Weegar 25) at 3:47 (PP)
7. Detroit Red Wings , Carter Verhaeghe 23 (Mika Zibanejad 49, MacKenzie Weegar 26) at 9:51 (PP)
8. Edmonton Oilers , Brock Boeser 38 (Mikael Backlund 27) at 19:06
Penalties :
Adrian Kempe (EDM) for Goalie Interference (Minor) at 2:38, Anthony Cirelli (DET) for Elbowing (Minor) at 4:39, Jacob Trouba (EDM) for Fighting (Major) at 8:42, Matthew Boldy (DET) for Fighting (Major) at 8:42, Jacob Trouba (EDM) for instigated a fight (Minor) at 8:42, Jacob Trouba (EDM) for instigated a fight (10 Minutes Misconduct) at 8:42, Steven Stamkos (DET) for Hooking (Minor) at 10:15, Evan Bouchard (EDM) for Interference (Minor) at 15:20
Goalie Stats
Vitek Vanecek (DET), 23 saves from 25 shots - (0.920), W, 26-17-8, 60:00 minutes
Matt Murray (EDM), 27 saves from 33 shots - (0.818), L, 1-2-0, 60:00 minutes
Players Stats for Detroit Red Wings
Player Name G A P +/- PIM S H SB GA TA FO MP PP MP PK MP
------------------------------------------------------------------------------------
Alexander Barabanov 0 0 0 1 0 0 0 0 0 0 0/0 7:16 0:45 0:00
Anthony Cirelli 1 0 1 1 4 1 0 1 0 1 2/6 12:21 0:23 2:08
Arthur Kaliyev 1 0 1 1 0 3 0 0 1 0 0/0 7:29 0:58 0:00
Carter Verhaeghe 1 1 2 -1 2 1 1 1 1 0 1/2 17:44 6:02 0:00
Daniel Sprong 0 0 0 1 0 4 2 0 1 0 0/0 16:22 5:43 1:09
Jared McCann 1 1 2 1 0 2 2 1 1 1 1/1 21:33 5:13 3:48
Jonathan Huberdeau 0 1 1 1 0 1 0 0 1 0 0/1 8:49 0:21 0:00
Josh Bailey 0 1 1 1 0 2 2 0 0 0 4/8 12:37 2:09 3:28
Kevin Shattenkirk 0 0 0 0 0 1 2 1 1 1 0/0 28:52 5:59 4:08
MacKenzie Weegar 0 2 2 0 0 0 2 1 0 2 0/0 28:52 5:59 4:08
Matthew Boldy 0 0 0 -1 5 3 1 0 0 0 0/1 16:17 5:14 0:00
Michael Del Zotto 0 0 0 1 0 0 0 1 0 0 0/0 9:09 0:36 0:00
Mika Zibanejad 1 1 2 -1 0 4 0 2 0 1 12/23 21:22 6:02 3:53
Patrick Kane 0 2 2 1 0 4 0 0 2 0 0/0 17:44 5:13 0:00
Philippe Myers 0 0 0 1 0 0 0 0 0 1 0/0 8:33 0:00 0:00
Shayne Gostisbehere 0 1 1 1 0 0 0 2 1 0 0/0 21:59 5:38 3:48
Steven Stamkos 1 1 2 1 7 7 1 1 1 2 18/24 18:09 4:10 1:26
Zach Bogosian 0 0 0 1 0 0 0 3 0 0 0/0 16:50 0:40 3:48
Players Stats for Edmonton Oilers
Player Name G A P +/- PIM S H SB GA TA FO MP PP MP PK MP
------------------------------------------------------------------------------------
Adrian Kempe 0 0 0 -2 4 1 1 0 2 0 1/2 17:50 4:01 0:00
Alex Iafallo 0 1 1 1 0 0 1 0 0 0 0/0 15:25 0:13 5:42
Blake Wheeler 0 0 0 0 0 2 1 0 0 1 0/0 11:56 5:00 0:00
Boone Jenner 0 0 0 -2 0 3 1 1 1 0 5/17 17:15 4:07 0:00
Brandon Carlo 0 0 0 1 5 1 1 0 0 1 0/0 19:15 0:00 6:02
Brett Pesce 0 0 0 -1 0 1 2 2 0 0 0/0 22:24 2:56 4:21
Brock Boeser 1 0 1 0 0 4 5 0 2 2 0/0 18:19 4:01 0:12
David Perron 0 0 0 -2 0 0 2 0 1 1 0/1 16:55 3:42 0:07
Dawson Mercer 0 0 0 -1 0 2 0 0 1 0 0/0 7:52 3:00 0:00
Derek Grant 0 0 0 -1 0 1 0 1 0 0 8/13 11:46 0:04 6:24
Evan Bouchard 0 1 1 -2 2 1 1 2 0 1 0/0 23:35 5:00 4:47
Jacob Trouba 1 0 1 0 17 3 3 0 0 1 0/0 17:00 0:00 4:49
Jake DeBrusk 0 0 0 0 0 2 1 0 2 0 0/0 16:51 3:42 0:00
Jeff Carter 0 0 0 1 0 0 0 0 0 1 4/8 14:47 0:12 5:35
Mikael Backlund 0 1 1 0 0 4 1 1 0 0 9/24 17:05 3:42 0:14
Ryker Evans 0 0 0 -1 0 0 0 0 0 0 0/0 13:46 0:00 1:18
Scott Mayfield 0 0 0 -1 6 0 2 2 0 2 0/0 14:39 0:00 2:57
Tanner Jeannot 0 0 0 -1 0 0 1 0 0 0 1/1 10:59 0:00 6:24
3 Stars
1 - Jared McCann (DET)
2 - Mika Zibanejad (DET)
3 - MacKenzie Weegar (DET)
Power Play
Detroit Red Wings - 2 on 7 Attempt(s) - 28.57%
Edmonton Oilers - 0 on 4 Attempt(s) - 0.00%
Penalty Kill
Detroit Red Wings - 4 on 4 Attempt(s) - 100.00%
- Score 0 goal in Penalty Kill
Edmonton Oilers - 5 on 7 Attempt(s) - 71.43%
- Score 1 goal in Penalty Kill
Team Stat
Detroit Red Wings - Hits : 13 - Faceoff Wins : 38 - Blocked Shots : 14 - Penalty Minutes : 18
Edmonton Oilers - Hits : 23 - Faceoff Wins : 28 - Blocked Shots : 9 - Penalty Minutes : 34
Official
Referees : Greg Kimmerly and Tom Chmielewski
Linesman : David Brisebois and Greg Devorski
Game Notes
Brandon Carlo beats up Steven Stamkos at 0:07 of 1st period
Matthew Boldy beats up Jacob Trouba at 8:42 of 3rd period
Finance
Level 1 -- Attendance: 6000 (100.00%) -- Ticket Income $540,000
Level 2 -- Attendance: 5000 (100.00%) -- Ticket Income $250,000
Level 3 -- Attendance: 3000 (100.00%) -- Ticket Income $90,000
Level 4 -- Attendance: 4995 (99.90%) -- Ticket Income $99,900
Luxury Box -- Attendance: 930 (93.00%) -- Ticket Income $176,700
Game was played at the Rexall Place.
Total Attendance: 19925 (99.63%)
Total Ticket Income: $1,156,600
Other Income: $404,810
Total Income: $1,561,410
Detroit Red Wings
5 vs 5 Forward
Center Left Wing Right Wing Time % Phy DF OF
1 Steven Stamkos Jared McCann Patrick Kane 35 0 1 4
2 Mika Zibanejad Carter Verhaeghe Matthew Boldy 30 1 2 2
3 Anthony Cirelli Jonathan Huberdeau Daniel Sprong 25 1 2 2
4 Josh Bailey Alexander Barabanov Arthur Kaliyev 10 1 2 2
5 vs 5 Defense
Defense Defense Time % Phy DF OF
1 Kevin Shattenkirk MacKenzie Weegar 40 1 2 2
2 Zach Bogosian Shayne Gostisbehere 30 1 2 2
3 Michael Del Zotto Philippe Myers 20 3 1 1
4 Kevin Shattenkirk MacKenzie Weegar 10 1 2 2
PowerPlay Forward
Center Left Wing Right Wing Time % Phy DF OF
1 Steven Stamkos Jared McCann Patrick Kane 50 0 1 4
2 Mika Zibanejad Carter Verhaeghe Matthew Boldy 50 0 1 4
PowerPlay Defense
Defense Defense Time % Phy DF OF
1 Kevin Shattenkirk MacKenzie Weegar 50 1 2 2
2 Shayne Gostisbehere Daniel Sprong 50 1 2 2
Penalty Kill 4 Players Forward
Center Wing Time % Phy DF OF
1 Anthony Cirelli Jared McCann 50 2 2 1
2 Mika Zibanejad Josh Bailey 50 2 2 1
Penalty Kill 4 Players Defense
Defense Defense Time % Phy DF OF
1 Kevin Shattenkirk MacKenzie Weegar 50 2 2 1
2 Zach Bogosian Shayne Gostisbehere 50 2 2 1
Penalty Kill - 3 Players Forward
Forward Time % Phy DF OF
1 Mika Zibanejad 50 1 2 2
2 Anthony Cirelli 50 1 2 2
Penalty Kill - 3 Players Defense
Defense Defense Time % Phy DF OF
1 Kevin Shattenkirk MacKenzie Weegar 50 1 2 2
2 Zach Bogosian Shayne Gostisbehere 50 2 2 1
4 vs 4 Forward
Center Wing Time % Phy DF OF
1 Mika Zibanejad Carter Verhaeghe 60 1 2 2
2 Steven Stamkos Matthew Boldy 40 1 1 3
4 vs 4 Defense
Defense Defense Time % Phy DF OF
1 Kevin Shattenkirk MacKenzie Weegar 60 1 2 2
2 Zach Bogosian Shayne Gostisbehere 40 1 2 2
Last Minutes Offensive
Center Left Wing Right Wing Defense Defense
Mika Zibanejad Carter Verhaeghe Matthew Boldy Kevin Shattenkirk MacKenzie Weegar
Last Minutes Defensive
Center Left Wing Right Wing Defense Defense
Mika Zibanejad Carter Verhaeghe Matthew Boldy Kevin Shattenkirk MacKenzie Weegar
Goaltenders
Starting : Vitek Vanecek
Backup : Laurent Brossoit
Extra Forwards
Normal : Josh Bailey, Daniel Sprong, Arthur Kaliyev - PP : Josh Bailey, Arthur Kaliyev - PK : Jared McCann
Extra Defensemen
Normal : Philippe Myers, Zach Bogosian, Shayne Gostisbehere - PP : Kevin Shattenkirk - PK : Philippe Myers, Zach Bogosian
Penalty Shots
Mika Zibanejad, Jonathan Huberdeau, Matthew Boldy, Carter Verhaeghe, Jared McCann
Edmonton Oilers
5 vs 5 Forward
Center Left Wing Right Wing Time % Phy DF OF
1 Boone Jenner Adrian Kempe David Perron 34 1 1 3
2 Mikael Backlund Jake DeBrusk Brock Boeser 34 0 2 3
3 Jeff Carter Alex Iafallo Blake Wheeler 20 1 2 2
4 Derek Grant Tanner Jeannot Dawson Mercer 12 1 3 1
5 vs 5 Defense
Defense Defense Time % Phy DF OF
1 Jacob Trouba Brandon Carlo 35 1 3 1
2 Brett Pesce Evan Bouchard 35 0 2 3
3 Ryker Evans Scott Mayfield 25 1 3 1
4 Brandon Carlo Scott Mayfield 5 1 4 0
PowerPlay Forward
Center Left Wing Right Wing Time % Phy DF OF
1 Boone Jenner Adrian Kempe Brock Boeser 60 1 0 4
2 Mikael Backlund Jake DeBrusk David Perron 40 1 0 4
PowerPlay Defense
Defense Defense Time % Phy DF OF
1 Evan Bouchard Blake Wheeler 60 1 1 3
2 Brett Pesce Dawson Mercer 40 0 2 3
Penalty Kill 4 Players Forward
Center Wing Time % Phy DF OF
1 Derek Grant Tanner Jeannot 53 1 4 0
2 Jeff Carter Alex Iafallo 47 1 4 0
Penalty Kill 4 Players Defense
Defense Defense Time % Phy DF OF
1 Brandon Carlo Jacob Trouba 50 2 3 0
2 Scott Mayfield Evan Bouchard 50 2 3 0
Penalty Kill - 3 Players Forward
Forward Time % Phy DF OF
1 Derek Grant 50 1 4 0
2 Mikael Backlund 50 1 4 0
Penalty Kill - 3 Players Defense
Defense Defense Time % Phy DF OF
1 Brandon Carlo Jacob Trouba 50 1 4 0
2 Scott Mayfield Evan Bouchard 50 1 4 0
4 vs 4 Forward
Center Wing Time % Phy DF OF
1 Boone Jenner Adrian Kempe 50 1 2 2
2 Mikael Backlund Brock Boeser 50 0 2 3
4 vs 4 Defense
Defense Defense Time % Phy DF OF
1 Jacob Trouba Brandon Carlo 50 1 3 1
2 Scott Mayfield Evan Bouchard 50 1 1 3
Last Minutes Offensive
Center Left Wing Right Wing Defense Defense
Boone Jenner Adrian Kempe Brock Boeser Brett Pesce Evan Bouchard
Last Minutes Defensive
Center Left Wing Right Wing Defense Defense
Mikael Backlund Derek Grant Tanner Jeannot Brandon Carlo Scott Mayfield
Goaltenders
Starting : Matt Murray
Backup : Juuse Saros
Extra Forwards
Normal : Brock Boeser, Adrian Kempe, Boone Jenner - PP : Jake DeBrusk, Brock Boeser - PK : Mikael Backlund
Extra Defensemen
Normal : Evan Bouchard, Jacob Trouba, Brandon Carlo - PP : Jacob Trouba - PK : Brett Pesce, Brandon Carlo
Penalty Shots
Boone Jenner, Adrian Kempe, Brock Boeser, Jake DeBrusk, Dawson Mercer
% Time on Ice - Detroit Red Wings
Lines # - Real PCT - Wanted PCT - Time Play
Normal Forward
1 - 34% - 35% - 13:30
2 - 29% - 30% - 11:30
3 - 21% - 25% - 8:28
4 - 16% - 10% - 6:23
Normal Defense
1 - 41% - 40% - 16:12
2 - 31% - 30% - 12:33
3 - 21% - 20% - 8:33
4 - 6% - 10% - 2:33
PP Forward
1 - 43% - 50% - 5:13
2 - 57% - 50% - 7:00
PP Defense
1 - 49% - 50% - 5:59
2 - 51% - 50% - 6:14
PK Forward
1 - 58% - 50% - 4:37
2 - 42% - 50% - 3:19
PK Defense
1 - 52% - 50% - 4:08
2 - 48% - 50% - 3:48
PK3 Forward
1 - 0% - 50%
2 - 0% - 50%
PK3 Defense
1 - 0% - 50%
2 - 0% - 50%
44 Forward
1 - 0% - 60%
2 - 0% - 40%
44 Defense
1 - 0% - 60%
2 - 0% - 40%
Last Minute Offensive - 0:00
Last Minute Defensive - 0:00
Total
Forward - 60:00
Defense - 60:00
|
% Time on Ice - Edmonton Oilers
Lines # - Real PCT - Wanted PCT - Time Play
Normal Forward
1 - 35% - 34% - 13:51
2 - 36% - 34% - 14:16
3 - 18% - 20% - 7:09
4 - 12% - 12% - 4:35
Normal Defense
1 - 37% - 35% - 14:37
2 - 35% - 35% - 14:06
3 - 22% - 25% - 8:51
4 - 6% - 5% - 2:17
PP Forward
1 - 53% - 60% - 4:14
2 - 47% - 40% - 3:42
PP Defense
1 - 63% - 60% - 5:00
2 - 37% - 40% - 2:56
PK Forward
1 - 54% - 53% - 6:38
2 - 46% - 47% - 5:35
PK Defense
1 - 51% - 50% - 6:11
2 - 49% - 50% - 6:02
PK3 Forward
1 - 0% - 50%
2 - 0% - 50%
PK3 Defense
1 - 0% - 50%
2 - 0% - 50%
44 Forward
1 - 0% - 50%
2 - 0% - 50%
44 Defense
1 - 0% - 50%
2 - 0% - 50%
Last Minute Offensive - 0:00
Last Minute Defensive - 0:00
Total
Forward - 60:00
Defense - 60:00
|
Play-by-Play
1st period
0:01 of 1st period - Steven Stamkos wins face-off versus Boone Jenner in neutral zone.
0:07 of 1st period - Brandon Carlo beats up Steven Stamkos.
0:07 of 1st period - Penalty to Brandon Carlo for Fighting.
0:07 of 1st period - Penalty to Steven Stamkos for Fighting.
0:08 of 1st period - Mika Zibanejad wins face-off versus Mikael Backlund in Edmonton Oilers zone.
0:42 of 1st period - Slapshot by Brock Boeser.
0:42 of 1st period - Shot Blocked by Zach Bogosian.
0:49 of 1st period - Minor Penalty to Scott Mayfield for Hooking.
0:50 of 1st period - Derek Grant wins face-off versus Josh Bailey in Edmonton Oilers zone.
1:16 of 1st period - Mika Zibanejad is hit by Brett Pesce and loses puck.
2:49 of 1st period - Penalty to Scott Mayfield is over, Scott Mayfield is back on ice.
3:13 of 1st period - Slapshot by Boone Jenner.
3:13 of 1st period - Shot Hit the Post.
3:22 of 1st period - Icing by Arthur Kaliyev.
3:23 of 1st period - Josh Bailey wins face-off versus Mikael Backlund in Detroit Red Wings zone.
3:23 of 1st period - Josh Bailey is hit by Jacob Trouba.
3:36 of 1st period - Wrist shot by Daniel Sprong.
3:36 of 1st period - Stopped by Matt Murray without a rebound.
3:37 of 1st period - Boone Jenner wins face-off versus Carter Verhaeghe in Edmonton Oilers zone.
4:25 of 1st period - Jonathan Huberdeau is hit by Scott Mayfield and loses puck.
4:30 of 1st period - Snap shot by Brock Boeser.
4:30 of 1st period - Shot Blocked by Anthony Cirelli.
5:44 of 1st period - Snap shot by Daniel Sprong.
5:44 of 1st period - Shot Blocked by Derek Grant.
5:50 of 1st period - Slapshot by Daniel Sprong.
5:50 of 1st period - Shot Misses the Net.
7:06 of 1st period - Wrist shot by Patrick Kane.
7:06 of 1st period - Stopped by Matt Murray with a rebound.
7:08 of 1st period - Snap shot by Jared McCann.
7:08 of 1st period - Goal by Jared McCann - Detroit Red Wings : 1 - Edmonton Oilers : 0.
7:09 of 1st period - Boone Jenner wins face-off versus Steven Stamkos in neutral zone.
7:14 of 1st period - Snap shot by Adrian Kempe.
7:14 of 1st period - Stopped by Vitek Vanecek with a rebound.
7:22 of 1st period - Snap shot by Steven Stamkos.
7:22 of 1st period - Stopped by Matt Murray without a rebound.
7:23 of 1st period - Steven Stamkos wins face-off versus Mikael Backlund in Edmonton Oilers zone.
7:50 of 1st period - David Perron is hit by Matthew Boldy and loses puck.
7:57 of 1st period - Wrist shot by Matthew Boldy.
7:57 of 1st period - Deflect By Mika Zibanejad.
7:57 of 1st period - Stopped by Matt Murray without a rebound.
7:58 of 1st period - Mika Zibanejad wins face-off versus Boone Jenner in Edmonton Oilers zone.
8:15 of 1st period - Wrist shot by Mika Zibanejad.
8:15 of 1st period - Deflect By Boone Jenner.
8:15 of 1st period - Stopped by Matt Murray without a rebound.
8:16 of 1st period - Steven Stamkos wins face-off versus Mikael Backlund in Edmonton Oilers zone.
8:23 of 1st period - Snap shot by Patrick Kane.
8:23 of 1st period - Shot Misses the Net.
9:02 of 1st period - Icing by Brett Pesce.
9:03 of 1st period - Mika Zibanejad wins face-off versus Jeff Carter in Edmonton Oilers zone.
9:24 of 1st period - Minor Penalty to Carter Verhaeghe for Tripping.
9:25 of 1st period - Anthony Cirelli wins face-off versus Boone Jenner in Detroit Red Wings zone.
9:25 of 1st period - Anthony Cirelli is hit by Brock Boeser.
9:37 of 1st period - Wrist shot by Adrian Kempe.
9:37 of 1st period - Shot Misses the Net.
10:22 of 1st period - Zach Bogosian is hit by Mikael Backlund and loses puck.
11:24 of 1st period - Penalty to Carter Verhaeghe is over, Carter Verhaeghe is back on ice.
12:27 of 1st period - Icing by Patrick Kane.
12:28 of 1st period - Steven Stamkos wins face-off versus Jeff Carter in Detroit Red Wings zone.
12:33 of 1st period - Snap shot by Patrick Kane.
12:33 of 1st period - Deflect By Jeff Carter.
12:33 of 1st period - Stopped by Matt Murray without a rebound.
12:34 of 1st period - Mika Zibanejad wins face-off versus Mikael Backlund in Edmonton Oilers zone.
12:43 of 1st period - Matthew Boldy is hit by Scott Mayfield and loses puck.
12:48 of 1st period - Snap shot by Jake DeBrusk.
12:48 of 1st period - Shot Misses the Net.
12:50 of 1st period - Snap shot by Mikael Backlund.
12:50 of 1st period - Shot Blocked by Carter Verhaeghe.
13:00 of 1st period - Ryker Evans is hit by Jared McCann and loses puck.
13:19 of 1st period - Brandon Carlo is hit by Steven Stamkos and loses puck.
13:36 of 1st period - Wrist shot by Josh Bailey.
13:36 of 1st period - Stopped by Matt Murray without a rebound.
13:37 of 1st period - Josh Bailey wins face-off versus Mikael Backlund in Edmonton Oilers zone.
13:40 of 1st period - Slapshot by Arthur Kaliyev.
13:40 of 1st period - Shot Blocked by Scott Mayfield.
13:52 of 1st period - Snap shot by Jake DeBrusk.
13:52 of 1st period - Shot Misses the Net.
13:54 of 1st period - Wrist shot by Brock Boeser.
13:54 of 1st period - Stopped by Vitek Vanecek with a rebound.
14:03 of 1st period - Minor Penalty to Scott Mayfield for Hooking.
14:04 of 1st period - Derek Grant wins face-off versus Mika Zibanejad in Edmonton Oilers zone.
14:29 of 1st period - Wrist shot by Jeff Carter.
14:29 of 1st period - Deflect By Alex Iafallo.
14:29 of 1st period - Shot Misses the Net.
14:29 of 1st period - Puck is out of play.
14:30 of 1st period - Steven Stamkos wins face-off versus Derek Grant in Detroit Red Wings zone.
14:35 of 1st period - Snap shot by Steven Stamkos.
14:35 of 1st period - Stopped by Matt Murray without a rebound.
14:36 of 1st period - Derek Grant wins face-off versus Matthew Boldy in Edmonton Oilers zone.
16:03 of 1st period - Penalty to Scott Mayfield is over, Scott Mayfield is back on ice.
16:12 of 1st period - Alex Iafallo is hit by MacKenzie Weegar and loses puck.
16:26 of 1st period - Icing by Arthur Kaliyev.
16:27 of 1st period - Josh Bailey wins face-off versus David Perron in Detroit Red Wings zone.
16:34 of 1st period - Wrist shot by Arthur Kaliyev.
16:34 of 1st period - Deflect By Alexander Barabanov.
16:34 of 1st period - Shot Blocked by Brett Pesce.
16:34 of 1st period - Puck is out of play.
16:35 of 1st period - Boone Jenner wins face-off versus Steven Stamkos in Edmonton Oilers zone.
17:04 of 1st period - Backhand shot by Jake DeBrusk.
17:04 of 1st period - Stopped by Vitek Vanecek with a rebound.
17:06 of 1st period - Wrist shot by Mikael Backlund.
17:06 of 1st period - Stopped by Vitek Vanecek with a rebound.
17:08 of 1st period - Slapshot by Evan Bouchard.
17:08 of 1st period - Stopped by Vitek Vanecek without a rebound.
17:09 of 1st period - Anthony Cirelli wins face-off versus Mikael Backlund in Detroit Red Wings zone.
17:16 of 1st period - Snap shot by Daniel Sprong.
17:16 of 1st period - Stopped by Matt Murray without a rebound.
17:17 of 1st period - Mikael Backlund wins face-off versus Anthony Cirelli in Edmonton Oilers zone.
17:33 of 1st period - Wrist shot by Brock Boeser.
17:33 of 1st period - Stopped by Vitek Vanecek with a rebound.
17:35 of 1st period - Snap shot by Mikael Backlund.
17:35 of 1st period - Stopped by Vitek Vanecek without a rebound.
17:36 of 1st period - Steven Stamkos wins face-off versus Adrian Kempe in Detroit Red Wings zone.
18:20 of 1st period - Icing by Evan Bouchard.
18:21 of 1st period - Jeff Carter wins face-off versus Anthony Cirelli in Edmonton Oilers zone.
18:21 of 1st period - Jeff Carter is hit by MacKenzie Weegar.
18:37 of 1st period - Snap shot by Daniel Sprong.
18:37 of 1st period - Stopped by Matt Murray with a rebound.
18:50 of 1st period - Icing by MacKenzie Weegar.
18:51 of 1st period - Steven Stamkos wins face-off versus Boone Jenner in Detroit Red Wings zone.
19:35 of 1st period - Wrist shot by David Perron.
19:35 of 1st period - Shot Misses the Net.
19:37 of 1st period - Slapshot by Jacob Trouba.
19:37 of 1st period - Stopped by Vitek Vanecek with a rebound.
19:39 of 1st period - Wrist shot by Boone Jenner.
19:39 of 1st period - Stopped by Vitek Vanecek without a rebound.
19:40 of 1st period - Mika Zibanejad wins face-off versus Mikael Backlund in Detroit Red Wings zone.
19:47 of 1st period - Slapshot by Matthew Boldy.
19:47 of 1st period - Stopped by Matt Murray with a rebound.
19:49 of 1st period - Snap shot by Matthew Boldy.
19:49 of 1st period - Stopped by Matt Murray with a rebound.
19:51 of 1st period - Snap shot by Mika Zibanejad.
19:51 of 1st period - Stopped by Matt Murray with a rebound.
Goals for this period are 1 for Detroit Red Wings vs 0 for Edmonton Oilers.
Shots for this period are 14 for Detroit Red Wings vs 9 for Edmonton Oilers.
2nd period
0:01 of 2nd period - Mika Zibanejad wins face-off versus Mikael Backlund in neutral zone.
0:10 of 2nd period - Snap shot by Mikael Backlund.
0:10 of 2nd period - Shot Misses the Net.
0:12 of 2nd period - Backhand shot by Mikael Backlund.
0:12 of 2nd period - Deflect By Mika Zibanejad.
0:12 of 2nd period - Shot Misses the Net.
0:12 of 2nd period - Puck is out of play.
0:13 of 2nd period - Steven Stamkos wins face-off versus Mikael Backlund in Detroit Red Wings zone.
0:18 of 2nd period - Mikael Backlund is hit by Kevin Shattenkirk and loses puck.
0:27 of 2nd period - Snap shot by Brock Boeser.
0:27 of 2nd period - Shot Misses the Net.
0:29 of 2nd period - Snap shot by Brock Boeser.
0:29 of 2nd period - Stopped by Vitek Vanecek with a rebound.
0:39 of 2nd period - Kevin Shattenkirk is hit by Blake Wheeler and loses puck.
2:07 of 2nd period - Slapshot by Boone Jenner.
2:07 of 2nd period - Stopped by Vitek Vanecek with a rebound.
2:21 of 2nd period - Backhand shot by Steven Stamkos.
2:21 of 2nd period - Stopped by Matt Murray with a rebound.
2:23 of 2nd period - Slapshot by Kevin Shattenkirk.
2:23 of 2nd period - Stopped by Matt Murray with a rebound.
2:25 of 2nd period - Wrist shot by Patrick Kane.
2:25 of 2nd period - Shot Blocked by Brett Pesce.
2:27 of 2nd period - Slapshot by MacKenzie Weegar.
2:27 of 2nd period - Shot Misses the Net.
2:29 of 2nd period - Wrist shot by Jared McCann.
2:29 of 2nd period - Shot Misses the Net.
2:31 of 2nd period - Snap shot by Jared McCann.
2:31 of 2nd period - Deflect By David Perron.
2:31 of 2nd period - Stopped by Matt Murray with a rebound.
2:43 of 2nd period - Snap shot by Steven Stamkos.
2:43 of 2nd period - Shot Blocked by Evan Bouchard.
2:45 of 2nd period - Wrist shot by Jared McCann.
2:45 of 2nd period - Deflect By Patrick Kane.
2:45 of 2nd period - Shot Blocked by Evan Bouchard.
2:45 of 2nd period - Puck is out of play.
2:46 of 2nd period - Mika Zibanejad wins face-off versus Mikael Backlund in Edmonton Oilers zone.
2:59 of 2nd period - Snap shot by Matthew Boldy.
2:59 of 2nd period - Shot Blocked by Mikael Backlund.
3:13 of 2nd period - Daniel Sprong is hit by Jacob Trouba and loses puck.
3:17 of 2nd period - Minor Penalty to Scott Mayfield for Interference.
3:18 of 2nd period - Derek Grant wins face-off versus Mika Zibanejad in Edmonton Oilers zone.
5:11 of 2nd period - Alex Iafallo is hit by Josh Bailey and loses puck.
5:17 of 2nd period - Penalty to Scott Mayfield is over, Scott Mayfield is back on ice.
5:35 of 2nd period - Backhand shot by David Perron.
5:35 of 2nd period - Shot Blocked by Shayne Gostisbehere.
6:36 of 2nd period - David Perron is hit by Jared McCann and loses puck.
7:01 of 2nd period - Slapshot by Mikael Backlund.
7:01 of 2nd period - Stopped by Vitek Vanecek without a rebound.
7:02 of 2nd period - Jeff Carter wins face-off versus Mika Zibanejad in Detroit Red Wings zone.
7:23 of 2nd period - Mikael Backlund is hit by Daniel Sprong and loses puck.
7:34 of 2nd period - Tanner Jeannot is hit by Josh Bailey and loses puck.
8:17 of 2nd period - Slapshot by Daniel Sprong.
8:17 of 2nd period - Stopped by Matt Murray without a rebound.
8:18 of 2nd period - Mikael Backlund wins face-off versus Anthony Cirelli in Edmonton Oilers zone.
8:25 of 2nd period - Anthony Cirelli is hit by Jake DeBrusk and loses puck.
8:30 of 2nd period - Slapshot by Brock Boeser.
8:30 of 2nd period - Shot Misses the Net.
8:32 of 2nd period - Wrist shot by Jake DeBrusk.
8:32 of 2nd period - Shot Misses the Net.
8:44 of 2nd period - MacKenzie Weegar is hit by Tanner Jeannot.
8:50 of 2nd period - Dawson Mercer is hit by Daniel Sprong and loses puck.
9:09 of 2nd period - Slapshot by Jonathan Huberdeau.
9:09 of 2nd period - Shot Misses the Net.
9:11 of 2nd period - Snap shot by Kevin Shattenkirk.
9:11 of 2nd period - Shot Misses the Net.
9:25 of 2nd period - Slapshot by Jonathan Huberdeau.
9:25 of 2nd period - Deflect By Daniel Sprong.
9:25 of 2nd period - Shot Misses the Net.
9:25 of 2nd period - Puck is out of play.
9:26 of 2nd period - Mikael Backlund wins face-off versus Mika Zibanejad in Edmonton Oilers zone.
9:26 of 2nd period - Mikael Backlund is hit by Carter Verhaeghe.
9:53 of 2nd period - Snap shot by Steven Stamkos.
9:53 of 2nd period - Stopped by Matt Murray without a rebound.
9:54 of 2nd period - Steven Stamkos wins face-off versus Boone Jenner in Edmonton Oilers zone.
10:04 of 2nd period - Snap shot by David Perron.
10:04 of 2nd period - Shot Blocked by Jared McCann.
10:20 of 2nd period - Shayne Gostisbehere is hit by Alex Iafallo and loses puck.
10:32 of 2nd period - Snap shot by Blake Wheeler.
10:32 of 2nd period - Stopped by Vitek Vanecek without a rebound.
10:33 of 2nd period - Carter Verhaeghe wins face-off versus Mikael Backlund in Detroit Red Wings zone.
11:45 of 2nd period - Wrist shot by Mika Zibanejad.
11:45 of 2nd period - Shot Misses the Net.
11:55 of 2nd period - Wrist shot by Alex Iafallo.
11:55 of 2nd period - Shot Blocked by Mika Zibanejad.
11:57 of 2nd period - Slapshot by Blake Wheeler.
11:57 of 2nd period - Stopped by Vitek Vanecek with a rebound.
11:59 of 2nd period - Wrist shot by Blake Wheeler.
11:59 of 2nd period - Shot Blocked by Zach Bogosian.
12:01 of 2nd period - Snap shot by Brandon Carlo.
12:01 of 2nd period - Shot Misses the Net.
12:03 of 2nd period - Slapshot by Brandon Carlo.
12:03 of 2nd period - Stopped by Vitek Vanecek without a rebound.
12:04 of 2nd period - Mikael Backlund wins face-off versus Anthony Cirelli in Detroit Red Wings zone.
12:16 of 2nd period - Off-side.
12:17 of 2nd period - Mikael Backlund wins face-off versus Jonathan Huberdeau in neutral zone.
13:12 of 2nd period - Snap shot by Arthur Kaliyev.
13:12 of 2nd period - Shot Misses the Net.
13:26 of 2nd period - Minor Penalty to Anthony Cirelli for Interference.
13:27 of 2nd period - Mika Zibanejad wins face-off versus Boone Jenner in Detroit Red Wings zone.
13:27 of 2nd period - Mika Zibanejad is hit by Brock Boeser.
13:46 of 2nd period - Josh Bailey is hit by Adrian Kempe and loses puck.
15:26 of 2nd period - Penalty to Anthony Cirelli is over, Anthony Cirelli is back on ice.
15:32 of 2nd period - Slapshot by Jacob Trouba.
15:32 of 2nd period - Shot Blocked by Kevin Shattenkirk.
15:34 of 2nd period - Wrist shot by Dawson Mercer.
15:34 of 2nd period - Stopped by Vitek Vanecek with a rebound.
15:36 of 2nd period - Snap shot by Tanner Jeannot.
15:36 of 2nd period - Shot Misses the Net.
16:05 of 2nd period - Off-side.
16:06 of 2nd period - Mika Zibanejad wins face-off versus Jeff Carter in neutral zone.
16:33 of 2nd period - Patrick Kane is hit by David Perron and loses puck.
17:00 of 2nd period - Philippe Myers is hit by Jacob Trouba and loses puck.
17:07 of 2nd period - Snap shot by Alex Iafallo.
17:07 of 2nd period - Shot Misses the Net.
17:34 of 2nd period - Wrist shot by Jonathan Huberdeau.
17:34 of 2nd period - Stopped by Matt Murray with a rebound.
17:36 of 2nd period - Snap shot by Shayne Gostisbehere.
17:36 of 2nd period - Shot Misses the Net.
17:38 of 2nd period - Snap shot by Anthony Cirelli.
17:38 of 2nd period - Goal by Anthony Cirelli - Detroit Red Wings : 2 - Edmonton Oilers : 0.
17:39 of 2nd period - Mikael Backlund wins face-off versus Mika Zibanejad in neutral zone.
17:46 of 2nd period - Snap shot by Brock Boeser.
17:46 of 2nd period - Deflect By Mikael Backlund.
17:46 of 2nd period - Stopped by Vitek Vanecek without a rebound.
17:47 of 2nd period - Mika Zibanejad wins face-off versus Mikael Backlund in Detroit Red Wings zone.
17:47 of 2nd period - Mika Zibanejad is hit by Evan Bouchard.
18:03 of 2nd period - MacKenzie Weegar is hit by Brett Pesce and loses puck.
18:16 of 2nd period - Wrist shot by Matthew Boldy.
18:16 of 2nd period - Stopped by Matt Murray without a rebound.
18:17 of 2nd period - Steven Stamkos wins face-off versus Boone Jenner in Edmonton Oilers zone.
18:18 of 2nd period - Snap shot by Patrick Kane.
18:18 of 2nd period - Shot Blocked by Boone Jenner.
18:30 of 2nd period - Minor Penalty to Adrian Kempe for Roughing.
18:31 of 2nd period - Derek Grant wins face-off versus Steven Stamkos in Edmonton Oilers zone.
19:39 of 2nd period - Icing by Daniel Sprong.
19:40 of 2nd period - Steven Stamkos wins face-off versus Derek Grant in Detroit Red Wings zone.
Goals for this period are 1 for Detroit Red Wings vs 0 for Edmonton Oilers.
Shots for this period are 8 for Detroit Red Wings vs 8 for Edmonton Oilers.
3rd period
0:01 of 3rd period - Tanner Jeannot wins face-off versus Steven Stamkos in neutral zone.
0:30 of 3rd period - Penalty to Adrian Kempe is over, Adrian Kempe is back on ice.
1:07 of 3rd period - Snap shot by Arthur Kaliyev.
1:07 of 3rd period - Stopped by Matt Murray without a rebound.
1:08 of 3rd period - Mikael Backlund wins face-off versus Josh Bailey in Edmonton Oilers zone.
1:58 of 3rd period - Wrist shot by Arthur Kaliyev.
1:58 of 3rd period - Goal by Arthur Kaliyev - Detroit Red Wings : 3 - Edmonton Oilers : 0.
1:59 of 3rd period - Steven Stamkos wins face-off versus Boone Jenner in neutral zone.
1:59 of 3rd period - Patrick Kane is hit by Boone Jenner and loses puck.
2:08 of 3rd period - Snap shot by Patrick Kane.
2:08 of 3rd period - Stopped by Matt Murray with a rebound.
2:14 of 3rd period - Wrist shot by Steven Stamkos.
2:14 of 3rd period - Goal by Steven Stamkos - Detroit Red Wings : 4 - Edmonton Oilers : 0.
2:15 of 3rd period - Mika Zibanejad wins face-off versus Boone Jenner in neutral zone.
2:28 of 3rd period - Wrist shot by Matthew Boldy.
2:28 of 3rd period - Deflect By Mika Zibanejad.
2:28 of 3rd period - Shot Hit the Post.
2:28 of 3rd period - Puck is out of play.
2:29 of 3rd period - Steven Stamkos wins face-off versus Boone Jenner in Edmonton Oilers zone.
2:36 of 3rd period - Snap shot by Patrick Kane.
2:36 of 3rd period - Stopped by Matt Murray with a rebound.
2:38 of 3rd period - Minor Penalty to Adrian Kempe for Goalie Interference.
2:39 of 3rd period - Steven Stamkos wins face-off versus Derek Grant in Edmonton Oilers zone.
3:12 of 3rd period - Backhand shot by Jacob Trouba.
3:12 of 3rd period - Shot Blocked by MacKenzie Weegar.
3:14 of 3rd period - Slapshot by Jacob Trouba.
3:14 of 3rd period - Goal by Jacob Trouba - Detroit Red Wings : 4 - Edmonton Oilers : 1.
3:15 of 3rd period - Derek Grant wins face-off versus Steven Stamkos in neutral zone.
3:18 of 3rd period - Patrick Kane is hit by Brandon Carlo and loses puck.
3:47 of 3rd period - Wrist shot by Mika Zibanejad.
3:47 of 3rd period - Goal by Mika Zibanejad - Detroit Red Wings : 5 - Edmonton Oilers : 1.
3:48 of 3rd period - Steven Stamkos wins face-off versus Boone Jenner in neutral zone.
4:03 of 3rd period - Wrist shot by Boone Jenner.
4:03 of 3rd period - Stopped by Vitek Vanecek with a rebound.
4:39 of 3rd period - Minor Penalty to Anthony Cirelli for Elbowing.
4:40 of 3rd period - Adrian Kempe wins face-off versus Mika Zibanejad in Detroit Red Wings zone.
5:15 of 3rd period - Slapshot by Evan Bouchard.
5:15 of 3rd period - Shot Blocked by Zach Bogosian.
5:17 of 3rd period - Slapshot by Evan Bouchard.
5:17 of 3rd period - Shot Misses the Net.
6:39 of 3rd period - Penalty to Anthony Cirelli is over, Anthony Cirelli is back on ice.
7:05 of 3rd period - Wrist shot by Steven Stamkos.
7:05 of 3rd period - Stopped by Matt Murray with a rebound.
7:17 of 3rd period - Snap shot by Dawson Mercer.
7:17 of 3rd period - Stopped by Vitek Vanecek with a rebound.
7:19 of 3rd period - Snap shot by Derek Grant.
7:19 of 3rd period - Stopped by Vitek Vanecek with a rebound.
7:21 of 3rd period - Wrist shot by Derek Grant.
7:21 of 3rd period - Deflect By Alex Iafallo.
7:21 of 3rd period - Shot Blocked by Steven Stamkos.
7:21 of 3rd period - Puck is out of play.
7:22 of 3rd period - Josh Bailey wins face-off versus Mikael Backlund in Detroit Red Wings zone.
7:25 of 3rd period - Snap shot by Jake DeBrusk.
7:25 of 3rd period - Stopped by Vitek Vanecek with a rebound.
7:57 of 3rd period - Off-side.
7:58 of 3rd period - Boone Jenner wins face-off versus Josh Bailey in neutral zone.
8:13 of 3rd period - Backhand shot by Josh Bailey.
8:13 of 3rd period - Stopped by Matt Murray without a rebound.
8:14 of 3rd period - Mikael Backlund wins face-off versus Mika Zibanejad in Edmonton Oilers zone.
8:21 of 3rd period - Wrist shot by Brock Boeser.
8:21 of 3rd period - Shot Misses the Net.
8:23 of 3rd period - Wrist shot by Mikael Backlund.
8:23 of 3rd period - Shot Blocked by Shayne Gostisbehere.
8:25 of 3rd period - Slapshot by Jacob Trouba.
8:25 of 3rd period - Stopped by Vitek Vanecek without a rebound.
8:26 of 3rd period - Mikael Backlund wins face-off versus Mika Zibanejad in Detroit Red Wings zone.
8:42 of 3rd period - Matthew Boldy beats up Jacob Trouba.
8:42 of 3rd period - Penalty to Jacob Trouba for Fighting.
8:42 of 3rd period - Penalty to Matthew Boldy for Fighting.
8:42 of 3rd period - Penalty to Jacob Trouba for instigated a fight.
8:42 of 3rd period - Penalty to Jacob Trouba for instigated a fight.
8:43 of 3rd period - Derek Grant wins face-off versus Steven Stamkos in Detroit Red Wings zone.
9:13 of 3rd period - Off-side.
9:14 of 3rd period - Mika Zibanejad wins face-off versus Jeff Carter in neutral zone.
9:51 of 3rd period - Wrist shot by Carter Verhaeghe.
9:51 of 3rd period - Goal by Carter Verhaeghe - Detroit Red Wings : 6 - Edmonton Oilers : 1.
9:52 of 3rd period - Steven Stamkos wins face-off versus Mikael Backlund in neutral zone.
10:15 of 3rd period - Minor Penalty to Steven Stamkos for Hooking.
10:16 of 3rd period - Boone Jenner wins face-off versus Mika Zibanejad in Detroit Red Wings zone.
11:10 of 3rd period - Shayne Gostisbehere is hit by Brock Boeser and loses puck.
12:15 of 3rd period - Penalty to Steven Stamkos is over, Steven Stamkos is back on ice.
12:23 of 3rd period - Wrist shot by Patrick Kane.
12:23 of 3rd period - Deflect By Steven Stamkos.
12:23 of 3rd period - Stopped by Matt Murray without a rebound.
12:24 of 3rd period - Jared McCann wins face-off versus Derek Grant in Edmonton Oilers zone.
12:35 of 3rd period - Snap shot by Steven Stamkos.
12:35 of 3rd period - Shot Misses the Net.
12:59 of 3rd period - Snap shot by Arthur Kaliyev.
12:59 of 3rd period - Stopped by Matt Murray with a rebound.
14:24 of 3rd period - Snap shot by Steven Stamkos.
14:24 of 3rd period - Shot Blocked by Scott Mayfield.
14:26 of 3rd period - Wrist shot by Jared McCann.
14:26 of 3rd period - Shot Misses the Net.
14:52 of 3rd period - Adrian Kempe is hit by Kevin Shattenkirk and loses puck.
15:01 of 3rd period - Mika Zibanejad is hit by David Perron and loses puck.
15:17 of 3rd period - Icing by Shayne Gostisbehere.
15:18 of 3rd period - Jeff Carter wins face-off versus Josh Bailey in Detroit Red Wings zone.
15:20 of 3rd period - Minor Penalty to Evan Bouchard for Interference.
15:21 of 3rd period - Steven Stamkos wins face-off versus Derek Grant in Edmonton Oilers zone.
17:20 of 3rd period - Penalty to Evan Bouchard is over, Evan Bouchard is back on ice.
17:36 of 3rd period - Snap shot by Alexander Barabanov.
17:36 of 3rd period - Shot Misses the Net.
17:52 of 3rd period - Snap shot by Brock Boeser.
17:52 of 3rd period - Shot Misses the Net.
17:54 of 3rd period - Slapshot by Evan Bouchard.
17:54 of 3rd period - Shot Blocked by Michael Del Zotto.
18:30 of 3rd period - Icing by Adrian Kempe.
18:31 of 3rd period - Derek Grant wins face-off versus Mika Zibanejad in Edmonton Oilers zone.
18:40 of 3rd period - Wrist shot by Derek Grant.
18:40 of 3rd period - Shot Misses the Net.
18:42 of 3rd period - Slapshot by Dawson Mercer.
18:42 of 3rd period - Shot Blocked by Mika Zibanejad.
18:44 of 3rd period - Wrist shot by Tanner Jeannot.
18:44 of 3rd period - Shot Misses the Net.
18:46 of 3rd period - Slapshot by Brett Pesce.
18:46 of 3rd period - Deflect By Matthew Boldy.
18:46 of 3rd period - Stopped by Vitek Vanecek with a rebound.
19:01 of 3rd period - Steven Stamkos is hit by Brock Boeser and loses puck.
19:06 of 3rd period - Wrist shot by Brock Boeser.
19:06 of 3rd period - Goal by Brock Boeser - Detroit Red Wings : 6 - Edmonton Oilers : 2.
19:07 of 3rd period - Steven Stamkos wins face-off versus Boone Jenner in neutral zone.
19:33 of 3rd period - MacKenzie Weegar is hit by Brock Boeser and loses puck.
19:38 of 3rd period - Slapshot by Brock Boeser.
19:38 of 3rd period - Shot Misses the Net.
19:43 of 3rd period - Icing by Matthew Boldy.
19:44 of 3rd period - Jeff Carter wins face-off versus Mika Zibanejad in Detroit Red Wings zone.
19:45 of 3rd period - Wrist shot by Blake Wheeler.
19:45 of 3rd period - Shot Misses the Net.
19:56 of 3rd period - Snap shot by Matthew Boldy.
19:56 of 3rd period - Shot Misses the Net.
19:58 of 3rd period - Wrist shot by Carter Verhaeghe.
19:58 of 3rd period - Shot Misses the Net.
Goals for this period are 4 for Detroit Red Wings vs 2 for Edmonton Oilers.
Shots for this period are 11 for Detroit Red Wings vs 8 for Edmonton Oilers.
Back to the Top